AoeStats
← Lowawrd

Black Forest

513166314Analyzed
4v4 RM · 4d ago on Oct 12, 2026· 42m 55s· 8 players
Game mode
Random Map
Map size
Large (8 player)
Population
200
Speed
Normal
Resources
Standard
Victory
Conquest
Starting age
Dark Age
Ending age
Imperial Age
RankedLock teamsTeams togetherTeam positionsShared explorationLock speedFull tech treeHidden civsTurbo modeCheats
Victory
Defeat
🇹🇼 Bohemians · Taiwan
1225
+15
🇹🇼 Mongols · Taiwan
1225
+15
🇹🇼 Persians · Taiwan
1225
+15
🇹🇼 Spanish · Taiwan
1224
+15
vs
🇬🇧 Poles · United Kingdom
1250
-16
🇨🇱 Khmer · Chile
1217
-15
🇫🇷 Bohemians · France
1192
-15
🇨🇳 Italians · China
1176
-14
monje wololo
11:57 Feudal Age
12:48 Loom
16:20 Castle Age
15:03 Double-Bit Axe
15:01 Horse Collar
15:51 Fishing Lines
16:38 Stone Mining
17:19 Bow Saw
18:34 Gillnets
21:08 Wheelbarrow
22:34 Fervor
26:42 Heavy Plow
27:57 Hand Cart
27:29 Town Watch
31:17 Imperial Age
29:04 Bloodlines
29:04 Husbandry
30:52 Scale Barding Armor
30:57 Forging
30:52 Gold Mining
31:39 Stone Shaft Mining
32:12 Chain Barding Armor
32:04 Double Crossbow
32:27 Conscription
32:13 Elite Ballista Elephant
33:20 Ballistics
33:42 Iron Casting
34:25 Chemistry
34:55 Gold Shaft Mining
34:37 Siege Engineers
34:43 Masonry
39:03 Blast Furnace
38:39 Plate Barding Armor
Cello
1:12 Loom
14:19 Feudal Age
18:30 Castle Age
16:55 Double-Bit Axe
17:20 Horse Collar
20:48 Fervor
23:31 Bow Saw
25:11 Wheelbarrow
25:48 Heavy Plow
31:46 Imperial Age
29:44 Padded Archer Armor
30:50 Chemistry
30:34 Hand Cart
30:05 Town Watch
32:08 Houfnice
33:55 Leather Archer Armor
34:20 Town Patrol
35:34 Caravan
36:41 Guilds
37:43 Conscription
BlueFacedBooby
1:08 Loom
14:35 Feudal Age
15:52 Double-Bit Axe
18:16 Castle Age
16:10 Horse Collar
18:25 Wheelbarrow
19:26 Bow Saw
19:17 Heavy Plow
24:09 Town Watch
24:37 Gold Mining
24:38 Stone Mining
26:01 Hand Cart
25:48 Town Patrol
26:03 Scale Barding Armor
31:18 Imperial Age
29:54 Chain Barding Armor
29:44 Forging
29:30 Fletching
30:55 Fortified Wall
30:42 Murder Holes
31:41 Szlachta Privileges
32:08 Coinage
32:15 Iron Casting
31:23 Treadmill Crane
32:07 Masonry
31:58 Bodkin Arrow
31:40 Light Cavalry
32:31 Bloodlines
32:21 Husbandry
32:47 Ballistics
33:04 Lechitic Legacy
33:06 Conscription
33:26 Crop Rotation
34:42 Chemistry
34:16 Banking
34:53 Blast Furnace
34:47 Bracer
35:57 Hoardings
35:16 Winged Hussar
37:19 Siege Engineers
40:35 Elite Obuch
41:32 Scale Mail Armor
41:42 Squires
41:28 Arson
妈蛋
6:09 Loom
11:14 Feudal Age
15:03 Castle Age
12:52 Double-Bit Axe
16:26 Bow Saw
19:11 Horse Collar
20:06 Gold Mining
22:37 Wheelbarrow
23:27 Heavy Plow
24:21 Stone Mining
24:50 Hand Cart
26:11 Fortified Wall
29:44 Imperial Age
27:04 Town Watch
28:07 Fletching
28:17 Padded Archer Armor
28:39 Ballistics
28:01 Treadmill Crane
28:42 Ballistics
29:29 Bodkin Arrow
30:42 Stone Shaft Mining
30:24 Leather Archer Armor
30:24 Masonry
30:22 Town Patrol
31:29 Chemistry
30:43 Masonry
30:46 Bracer
31:37 Conscription
31:29 Pirotechnia
32:52 Two-Man Saw
32:22 Crop Rotation
32:59 Ring Archer Armor
33:32 Architecture
34:11 Elite Genoese Crossbowman
37:35 Bombard Tower
37:23 Caravan
37:33 Guilds
39:27 Guilds
Lowawrd
1:00 Loom
12:01 Feudal Age
16:03 Castle Age
14:39 Double-Bit Axe
14:35 Horse Collar
15:44 Town Watch
17:00 Bow Saw
16:55 Heavy Plow
23:30 Wheelbarrow
24:56 Gold Mining
25:06 Stone Mining
26:28 Hand Cart
31:13 Imperial Age
29:06 Forging
29:46 Stone Shaft Mining
29:40 Scale Barding Armor
30:22 Iron Casting
30:15 Caravan
31:07 Chain Barding Armor
31:01 Bloodlines
30:52 Husbandry
30:41 Light Cavalry
32:56 Chemistry
33:02 Two-Man Saw
32:32 Cavalier
34:25 Conscription
33:53 Paladin
34:19 Pikeman
34:59 Squires
36:52 Block Printing
37:13 Theocracy
36:46 Inquisition
37:48 Plate Barding Armor
38:13 Blast Furnace
38:17 Sanctity
38:23 Illumination
38:09 Fervor
38:10 Redemption
38:39 Hoardings
38:29 Onager
42:03 Atonement
42:03 Devotion
ocek
11:38 Feudal Age
12:48 Double-Bit Axe
12:44 Horse Collar
15:36 Castle Age
16:33 Bow Saw
16:24 Heavy Plow
16:37 Fishing Lines
18:01 Fervor
21:13 Caravan
23:42 Wheelbarrow
23:49 Gillnets
25:17 Hand Cart
30:34 Imperial Age
29:36 Chemistry
28:38 Scale Mail Armor
28:48 Forging
28:42 Loom
28:43 Town Watch
29:19 Ballistics
29:39 Coinage
29:50 Chain Mail Armor
29:36 Padded Archer Armor
29:52 Pikeman
30:32 Squires
30:18 Arson
30:52 Halberdier
32:06 Plate Mail Armor
32:12 Iron Casting
32:46 Two-Man Saw
32:23 Leather Archer Armor
32:17 Siege Engineers
33:15 Banking
33:17 Masonry
33:06 Murder Holes
34:18 Bombard Tower
34:31 Architecture
35:11 Fletching
36:22 Blast Furnace
35:53 Ring Archer Armor
35:35 Fortified Wall
35:44 Wagenburg Tactics
36:00 Conscription
38:12 Houfnice
39:13 Bodkin Arrow
40:00 Bracer
8468547
10:52 Feudal Age
14:48 Castle Age
12:35 Double-Bit Axe
12:31 Horse Collar
15:51 Bow Saw
18:54 Wheelbarrow
19:13 Loom
20:03 Gold Mining
23:08 Gold Shaft Mining
22:47 Stone Mining
24:29 Horse Collar
25:48 Hand Cart
26:11 Stone Shaft Mining
25:37 Town Watch
26:08 Heavy Plow
27:13 Caravan
31:02 Imperial Age
29:05 Scale Barding Armor
29:11 Forging
30:10 Chain Barding Armor
30:35 Husbandry
30:46 Bloodlines
31:12 Iron Casting
31:13 Onager
32:16 Drill
32:17 Conscription
32:36 Coinage
33:09 Blast Furnace
31:37 Elite Steppe Lancer
32:30 Fletching
32:26 Light Cavalry
33:37 Siege Onager
35:03 Siege Engineers
35:00 Nomads
36:41 Capped Ram
38:04 Siege Ram
鯊魚森氣氣
0:50 Loom
13:15 Feudal Age
18:33 Castle Age
17:23 Double-Bit Axe
17:59 Fishing Lines
18:33 Town Watch
19:17 Bow Saw
22:51 Horse Collar
24:45 Heavy Plow
25:22 Wheelbarrow
25:42 Gillnets
26:44 Gold Mining
27:33 Hand Cart
28:48 Gold Shaft Mining
29:04 Town Patrol
29:41 Stone Mining
31:31 Stone Shaft Mining
31:19 Scale Barding Armor
33:57 Imperial Age
31:40 Forging
31:52 Ballistics
32:39 Chain Barding Armor
32:37 Fletching
32:59 Masonry
34:10 Iron Casting
33:48 Husbandry
33:59 Bloodlines
34:15 Caravan
34:45 Coinage
34:56 Plate Barding Armor
34:17 Bodkin Arrow
35:23 Chemistry
35:18 Architecture
36:00 Two-Man Saw
36:24 Conscription
37:38 Blast Furnace
36:27 Elite War Elephant
38:12 Citadels
Connection lost

Rejoining the realm…

Still unreachable

The connection could not be restored.

Session expired

The server has moved on; the page needs a fresh start.